Map: Catalyst LE

Players

TRUE

  • Race: Zerg Zerg
  • Spawn Location: 5:00

Elazer - Winner!

  • Race: Zerg Zerg
  • Spawn Location: 11:00

Event: WCS Leipzig 2018

VOD

Have the link to the VOD?

Description

Time

  • Played on: Jan. 26, 2018, 1:06 p.m.
  • Length: 12:00

All games in this series

Show
View Real Time Build Order
Export as new Build Order

TRUE Zerg 

Build Orders: 1 Base Baneling Bust, Pool First 

Get SALT Encoding   

  12  0:00  Drone  
  13  0:12  Extractor  
  12  0:24  Spawning Pool  
  11  0:29  Drone  
  11  0:33  Drone  
  13  0:38  Drone  
  14  0:51  Overlord  
  14  1:11  Zergling x4  
  14  1:12  Zergling x2  
  14  1:14  Metabolic Boost  
  17  1:23  Zergling x2  
  18  1:34  Baneling Nest, Zergling x2  
  18  1:44  Zergling x2  
  19  1:55  Zergling x2  
  20  2:06  Zergling x2  
  21  2:17  Zergling x2  
  21  2:18  Baneling x2  
  22  2:28  Zergling x2  
  21  2:33  Baneling  
  21  2:35  Hatchery  
  19  2:44  Zergling x2  
  19  2:50  Zergling x2  
  17  3:00  Drone  
  17  3:04  Queen  
  19  3:12  Drone  
  20  3:23  Drone  
  21  3:32  Overlord  
  20  3:47  Queen  
  22  3:48  Queen  
  22  3:49  Drone  
  22  3:53  Zergling x2  
  26  3:56  Zergling x2  
  26  3:59  Zergling x2  
  26  4:05  Zergling x2  
  26  4:08  Zergling x2  
  25  4:16  Zergling x4  
  27  4:23  Drone x3  
  29  4:28  Drone  
  29  4:30  Drone  
  31  4:37  Baneling x2  
  31  4:39  Drone  
  31  4:41  Drone  
  33  4:49  Overlord  
  33  4:52  Drone  
  34  4:55  Drone  
  35  5:04  Overlord  
  35  5:06  Lair  
  35  5:10  Drone x2  
  35  5:13  Drone  
  38  5:14  Drone  
  38  5:17  Drone  
  38  5:19  Drone  
  41  5:23  Drone  
  41  5:26  Drone  
  43  5:29  Drone x2  
  43  5:30  Drone  
  43  5:32  Drone  
  47  5:41  Evolution Chamber  
  46  5:43  Baneling x2  
  46  5:44  Extractor  
  46  5:45  Roach Warren  
  44  5:50  Baneling x2  
  44  5:51  Queen  
  44  5:55  Zergling x2  
  44  5:57  Zergling x2  
  47  5:58  Zergling x2  
  47  6:04  Baneling  
  47  6:08  Drone x3  
  50  6:20  Drone  
  50  6:21  Hatchery  
  50  6:22  Extractor  
  50  6:23  Zerg Missile Weapons Level 1  
  49  6:33  Overlord  
  49  6:34  Drone x2  
  51  6:40  Overlord  
  51  6:41  Glial Reconstitution  
  51  6:42  Overlord  
  51  6:44  Overlord  
  51  6:46  Overlord  
  51  6:52  Roach x2  
  57  6:54  Roach  
  57  6:58  Roach  
  57  7:00  Roach  
  61  7:03  Roach  
  61  7:06  Drone  
  61  7:07  Drone  
  61  7:08  Drone  
  66  7:11  Roach  
  68  7:16  Roach  
  68  7:17  Roach  
  72  7:32  Drone  
  72  7:33  Drone x6  
  79  7:39  Drone, Overlord  
  80  7:46  Drone x3  
  83  7:53  Burrow  
  83  7:58  Extractor, Overseer  
  82  7:59  Tunneling Claws, Overlord  
  82  8:02  Drone x5  
  82  8:03  Drone  
  88  8:07  Overlord  
  88  8:08  Roach  
  88  8:10  Overlord  
  90  8:13  Drone x2  
  90  8:15  Drone  
  90  8:16  Extractor  
  90  8:18  Drone x2  
  94  8:21  Roach  
  94  8:24  Zerg Missile Weapons Level 2  
  95  8:31  Roach x2  
  95  8:32  Roach x2  
  95  8:33  Roach  
  102  8:36  Extractor, Roach  
  102  8:37  Roach  
  107  8:41  Roach x2  
  107  8:46  Roach x2  
  113  8:51  Overlord  
  113  8:53  Zergling x2  
  113  8:54  Zergling x2  
  113  8:55  Zergling x2  
  111  8:56  Zergling x4  
  111  8:57  Zergling x4  
  111  8:58  Zergling x2  
  111  8:59  Zergling x2  
  102  9:03  Roach  
  102  9:04  Ravager, Roach  
  102  9:05  Roach  
  102  9:07  Roach  
  106  9:11  Baneling  
  106  9:15  Baneling  
  106  9:16  Baneling x3  
  106  9:17  Drone x3  
  106  9:18  Drone  
  112  9:24  Roach  
  112  9:29  Overlord  
  114  9:31  Roach x2  
  114  9:32  Roach x2  
  114  9:35  Roach  
  114  9:38  Roach  
  123  9:40  Roach  
  123  9:41  Roach  
  123  9:44  Queen  
  129  9:47  Roach x3  
  129  9:48  Roach  
  129  9:49  Roach x3  
  129  9:50  Roach x2  
  132  9:54  Roach  
  132  9:55  Roach  
  132  9:57  Roach  
  136  10:00  Roach  
  136  10:01  Roach  
  136  10:04  Roach  
  141  10:10  Roach  
  141  10:12  Roach  
  145  10:20  Roach  
  144  10:21  Roach  
  144  10:22  Overlord  
  144  10:24  Overlord  
  144  10:27  Roach x17  
  142  10:28  Overlord  
  142  10:30  Roach  
  142  10:31  Roach x2  
  142  10:32  Roach  
  142  10:33  Roach  
  142  10:35  Overlord  
  121  10:36  Roach x14  
  121  10:38  Roach x3  
  121  10:40  Roach  
  107  10:46  Roach  
  107  10:47  Roach  
  97  10:50  Roach  
  97  10:51  Roach x2  
  97  10:52  Roach  
  97  10:53  Roach  
  87  10:57  Roach  
  87  11:03  Roach  
  74  11:08  Roach x4  
  74  11:10  Roach  
  68  11:13  Roach  
  68  11:17  Roach  
  60  11:25  Roach  
Show
View Real Time Build Order
Export as new Build Order

Elazer Zerg - Winner!

Build Orders: Hatch First 

Get SALT Encoding   

  12  0:00  Drone  
  13  0:12  Overlord  
  13  0:17  Drone  
  14  0:30  Drone x2  
  14  0:34  Drone  
  17  0:51  Hatchery  
  17  0:54  Drone  
  17  0:57  Drone  
  18  1:01  Extractor  
  17  1:12  Spawning Pool  
  17  1:16  Drone  
  17  1:18  Drone  
  18  1:27  Drone  
  19  1:38  Overlord  
  19  1:59  Queen  
  19  2:00  Zergling x4  
  19  2:01  Spine Crawler  
  22  2:03  Queen  
  22  2:07  Zergling x2  
  25  2:11  Zergling x2  
  25  2:15  Zergling x2  
  27  2:22  Spine Crawler  
  24  2:32  Metabolic Boost  
  24  2:35  Zergling x2  
  25  2:39  Zergling x2  
  25  2:45  Zergling x2  
  22  2:57  Zergling x2  
  16  3:02  Zergling x8  
  19  3:08  Drone x2  
  21  3:21  Drone  
  21  3:22  Drone  
  23  3:29  Queen  
  23  3:33  Drone  
  26  3:36  Drone  
  26  3:40  Drone  
  28  3:44  Drone  
  29  3:52  Drone x2  
  31  3:58  Queen  
  30  4:05  Drone x2  
  31  4:21  Drone x2  
  32  4:25  Drone  
  32  4:26  Drone  
  33  4:35  Drone  
  33  4:36  Baneling Nest, Overlord  
  33  4:45  Drone x2  
  35  4:47  Overlord  
  35  4:55  Drone x2  
  35  4:56  Drone  
  35  4:59  Evolution Chamber  
  37  5:00  Drone  
  38  5:09  Zergling x8  
  42  5:17  Zergling x8  
  42  5:19  Overlord  
  46  5:26  Overlord  
  46  5:28  Zerg Ground Armor Level 1  
  46  5:35  Baneling x2  
  46  5:37  Overlord  
  46  5:41  Drone  
  46  5:42  Drone  
  48  5:43  Drone  
  48  5:44  Hatchery  
  48  5:45  Drone  
  48  5:49  Overlord  
  49  5:51  Drone  
  49  5:56  Drone  
  47  6:07  Drone x4  
  51  6:12  Evolution Chamber  
  51  6:17  Drone x3  
  53  6:19  Hatchery  
  52  6:26  Drone x4  
  52  6:28  Baneling x2  
  52  6:30  Overlord  
  56  6:36  Queen  
  56  6:39  Zergling x4  
  59  6:45  Zergling x10  
  64  6:48  Zerg Melee Weapons Level 1  
  64  6:53  Drone x2, Extractor  
  64  6:54  Drone  
  66  6:58  Zergling x2  
  67  7:01  Overlord  
  67  7:04  Lair  
  67  7:09  Zergling x2  
  67  7:10  Zergling x2  
  67  7:13  Zergling x2  
  70  7:17  Zergling x2  
  70  7:21  Overlord  
  70  7:22  Zergling x6  
  74  7:27  Zergling x4  
  75  7:34  Zerg Missile Weapons Level 1  
  75  7:35  Drone x2  
  75  7:36  Overlord, Roach Warren  
  76  7:39  Zergling x6  
  76  7:42  Overlord  
  79  7:45  Zergling x2  
  79  7:46  Zergling x2  
  79  7:47  Overlord  
  81  7:51  Extractor  
  81  7:52  Drone x3  
  81  7:53  Overlord  
  81  7:55  Zergling x2  
  81  7:56  Zergling x6  
  87  8:00  Overlord  
  87  8:04  Zergling x6  
  87  8:05  Zergling x2  
  91  8:08  Zergling x4  
  93  8:14  Overlord  
  93  8:15  Glial Reconstitution  
  92  8:22  Roach  
  92  8:23  Roach x7  
  104  8:31  Roach x3  
  106  8:38  Roach x2  
  106  8:40  Roach  
  111  8:47  Roach x2  
  115  8:52  Roach  
  115  9:01  Roach x3  
  118  9:08  Roach x3  
  120  9:12  Extractor  
  120  9:13  Drone x3  
  120  9:15  Roach x2  
  126  9:17  Zergling x2  
  126  9:18  Zergling x2  
  126  9:19  Roach  
  126  9:20  Roach  
  126  9:23  Hatchery, Overlord  
  132  9:31  Roach x3  
  132  9:36  Zergling x14  
  143  9:42  Zergling x8  
  143  9:43  Zergling x2  
  143  9:44  Ravager  
  149  9:46  Ravager  
  149  9:50  Zergling x2  
  149  9:51  Zergling x8  
  155  9:53  Zergling x4  
  155  9:57  Zergling x6  
  149  10:00  Zergling x2  
  149  10:04  Baneling  
  149  10:05  Baneling x7  
  149  10:06  Zergling x2  
  150  10:14  Zergling x10  
  140  10:22  Zergling x2  
  140  10:23  Zergling x8  
  140  10:25  Overseer  
  138  10:35  Zergling x10  
  124  10:38  Zergling x4  
  122  10:43  Zergling x4  
  118  10:50  Zergling x4  
  118  10:51  Zergling x2  
  118  10:53  Zergling x2  
  118  10:54  Zergling x2  
  117  10:58  Ravager x2  
  106  11:07  Zergling x2  
  106  11:08  Zergling x8  
  92  11:18  Roach  
  92  11:19  Roach  
  92  11:28  Roach  
  84  11:40  Roach x3  
Tags
 
Add a new tag
Caveats
  • Supply blocks, unpowered buildings, or Contaminate may cause inaccurate times.
  • Supply counts are checked every 10 seconds.